AoeStats
← elkikodesonasur

Arabia

510148375Analyzed
1v1 RM · 2d ago on Sep 29, 2026· 50m 59s· 2 players
Game mode
Random Map
Map size
Tiny (2 player)
Population
200
Speed
Normal
Resources
Standard
Victory
Conquest
Starting age
Dark Age
Ending age
Imperial Age
RankedLock teamsTeams togetherTeam positionsShared explorationLock speedFull tech treeHidden civsTurbo modeCheats
Victory
Defeat
🇦🇷 Franks · Argentina
1286
+16
🇫🇮 Burgundians · Finland
1295
-16
elkikodesonasur
6:58 Loom
9:56 Feudal Age
10:22 Double-Bit Axe
13:48 Wheelbarrow
19:07 Fletching
21:57 Castle Age
20:02 Town Watch
20:09 Gold Mining
21:02 Scale Barding Armor
22:46 Husbandry
23:07 Chain Barding Armor
22:59 Bow Saw
30:47 Fervor
30:57 Sanctity
31:23 Forging
32:07 Pikeman
32:48 Squires
32:48 Scale Mail Armor
36:02 Iron Casting
40:36 Imperial Age
40:40 Hand Cart
42:42 Chemistry
42:40 Plate Barding Armor
44:15 Blast Furnace
43:21 Cavalier
45:35 Chain Mail Armor
45:07 Arson
44:51 Paladin
47:03 Conscription
47:51 Plate Mail Armor
48:49 Bodkin Arrow
49:08 Halberdier
Hannu
1:46 Loom
7:01 Loom
9:40 Feudal Age
10:22 Double-Bit Axe
14:33 Bow Saw
14:04 Horse Collar
16:34 Heavy Plow
21:39 Castle Age
21:05 Scale Barding Armor
21:11 Forging
21:44 Cavalier
23:09 Chain Barding Armor
26:31 Light Cavalry
27:12 Husbandry
39:39 Town Watch
44:14 Imperial Age
46:10 Gold Mining
47:33 Paladin
49:00 Plate Barding Armor
49:07 Iron Casting
Connection lost

Rejoining the realm…

Still unreachable

The connection could not be restored.

Session expired

The server has moved on; the page needs a fresh start.